 Dungeon Crawl Stone Soup version 0.15-a0-77-g44c3f01 (webtiles) character file.

82 4tharraofdagon the Firebug (level 3, -1/19 HPs)
             Began as a Tengu Fire Elementalist on Apr 7, 2014.
             Slain by a rat (2 damage)
             ... on Level 3 of the Dungeon.
             The game lasted 00:03:07 (463 turns).

4tharraofdagon the Firebug (Tengu Fire Elementalist) Turns: 463, Time: 00:03:07

HP  -1/19        AC  2     Str  8      XL: 3   Next: 10%
MP   1/7         EV 12     Int 16      God:
Gold 55          SH  0     Dex 14      Spells:  2 memorised,  2 levels left

rFire  . . .     SeeInvis .     m - +1,+0 flail (drain)
rCold  . . .     Clarity  .     a - +0 robe
rNeg   . . .     Conserve .     (no shield)
rPois  .         rCorr    .     (helmet restricted)
rElec  .         rRot     .     (no cloak)
SustAb . .       Spirit   .     (no gloves)
rMut   .         Warding  .     (boots unavailable)
Saprov . . .     Stasis   .     (no amulet)
MR     .....                    (no ring)
                                (no ring)

@: not resistant to hostile enchantments, fairly stealthy
A: beak, talons 3
a: no special abilities


You were on level 3 of the Dungeon.
You were not hungry.

You visited 1 branch of the dungeon, and saw 3 of its levels.

You collected 55 gold pieces.

Inventory:

Hand weapons
 d - a -1,+0 dagger
 l - a -2,-1 mace
 m - a +1,+0 flail of draining (weapon)
Armour
 a - a +0 robe (worn)
Comestibles
 c - 4 bread rations
Scrolls
 e - a scroll of teleportation {unknown}
 h - 2 scrolls of fear {unknown}
 i - a scroll of identify {unknown}
 k - a scroll of immolation {unknown}
Jewellery
 j - an uncursed amulet of resist corrosion {unknown}
Potions
 g - a potion of confusion {unknown}
Books
 b - a book of Flames

   Spells                             Type                      Level
   *Flame Tongue                      Conjuration/Fire             1
   Throw Flame                        Conjuration/Fire             2
   *Conjure Flame                     Conjuration/Fire             3
   Inner Flame                        Hexes/Fire                   3
   Sticky Flame                       Conjuration/Fire             4
   Fireball                           Conjuration/Fire             5


   Skills:
 - Level 2.1 Dodging
 - Level 2.0 Stealth
 + Level 2.2 Spellcasting
 * Level 2.5 Conjurations
 * Level 3.8 Fire Magic


You had 2 spell levels left.
You knew the following spells:

 Your Spells              Type           Power        Failure   Level  Hunger
a - Flame Tongue          Conj/Fire      ##...        8%          1    #......
b - Conjure Flame         Conj/Fire      ##......     17%         3    ####...


Dungeon Overview and Level Annotations

Branches:
Dungeon (3/15)

Altars:


Innate Abilities, Weirdness & Mutations

You have a beak for a mouth.
You have claws for feet.


Message History

Confirm with . or Enter, or press ? or * to list all spells.
Aiming: Flame Tongue
Press: ? - help, Shift-Dir - straight line, f/p - hobgoblin
Aim: a hobgoblin, wielding a hand axe (severely wounded)
The flame tongue hits the hobgoblin.
You kill the hobgoblin!
You barely miss the hobgoblin. You claw the hobgoblin.
The hobgoblin is moderately wounded.
The hobgoblin hits you but does no damage.
You barely miss the hobgoblin.
The hobgoblin is moderately wounded.
The hobgoblin hits you with a club.
* * * LOW HITPOINT WARNING * * *
You hit the hobgoblin. You drain the hobgoblin!
You kill the hobgoblin!
The rat bites you.
* * * LOW HITPOINT WARNING * * *
You completely miss the rat. You peck the rat, but do no damage.
The rat bites you.
You die...

#...##.# #..%.........
#...##.# #...######...
#...##.########...######
#..<..%..................
#...##.##.........######
#...##.##..............
#...##.##.......######
#...##.##......(#
#...##.##o####@##
##.###.##.# #r# #.#
#.##)# #o# #.#
#.##.####.# #.#
#....o....#
####.###.........#
#.....##.........#
#.....##.?..>....#
#.....##.........#


You could see an orc and a rat.

Vanquished Creatures
  A giant gecko (D:2)
  3 orcs (D:3)
  2 ball pythons
  2 bats
  6 hobgoblins
  A giant cockroach (D:1)
  2 giant newts
  2 goblins (D:1)
  2 kobolds
  2 rats (D:1)
23 creatures vanquished.

Notes
Turn   | Place    | Note
--------------------------------------------------------------
     0 | D:1      | 4tharraofdagon, the Tengu Fire Elementalist, began the quest for the Orb.
     0 | D:1      | Reached XP level 1. HP: 10/10 MP: 3/3
   126 | D:1      | Reached XP level 2. HP: 7/15 MP: 0/5
   429 | D:3      | Reached XP level 3. HP: 11/19 MP: 0/7
   434 | D:3      | Learned a level 3 spell: Conjure Flame
   463 | D:3      | Slain by a rat

Action                   || total
-------------------------++-------
Melee: Dagger            ||    24
       Flail             ||     4
 Cast: Flame Tongue      ||    33
  Use: Scroll            ||     2
